 Dungeon Sprint DCSS version 0.27-a0-93-g19769c27d7 (webtiles) character file.

Game seed: 4548634235432865406

579 mhtbhm the Spear-Bearer (level 7, 0/99 HPs)
             Began as a Merfolk Berserker on Jan 17, 2021.
             Was a Priest of Trog.
             Slain by a deep troll (16 damage)
             ... in the Dungeon (Sprint I: "Red Sonja").
             The game lasted 00:01:22 (1014 turns).

mhtbhm the Spear-Bearer (Merfolk Berserker)         Turns: 1014, Time: 00:01:23

Health: 0/99       AC: 11    Str: 19    XL:     7   Next: 36%
Magic:  7/7        EV: 11    Int:  6    God:    Trog [***...]
Gold:   428        SH:  0    Dex: 14    Spells: 6/6 levels left

rFire    . . .     SeeInvis .   a - +0 spear
rCold    . . .     Faith    .   (no shield)
rNeg     . . .     Spirit   .   b - +2 chain mail {Will+}
rPois    .         Reflect  .   (no helmet)
rElec    .         Harm     .   (no cloak)
rCorr    .         Rampage  .   (no gloves)
Will     +....     NoTele   +   (no boots)
Stlth    ..........             (no amulet)
HPRegen  0.26/turn              (no ring)
MPRegen  0.10/turn              (no ring)

@: berserking, very quick
A: change form in water, swift swim, stealthy swim
a: Renounce Religion, Berserk, Trog's Hand


You were in the Dungeon.
You worshipped Trog.
Trog was most pleased with you.
You visited 1 branch You collected 428 gold pieces.

Inventory:

Hand Weapons
 a - a +0 spear (weapon)
Missiles
 j - 6 curare-tipped darts
Armour
 b - a +2 chain mail of willpower (worn)
Wands
 i - a wand of polymorph (12)
Scrolls
 h - a scroll of blinking
Potions
 c - 2 potions of curing
 d - a potion of heal wounds
 e - a potion of haste
 f - 2 potions of magic
 g - a potion of berserk rage


   Skills:
 + Level 10.3 Fighting
 + Level 13.5 Polearms
 + Level 4.6 Armour
 + Level 7.3 Dodging
 + Level 2.8 Unarmed Combat
 + Level 0.2 Evocations


You had 6 spell levels left.
You didn't know any spells.
Your spell library was empty.

Dungeon Overview and Level Annotations

Branches:
Dungeon (1/1)

Altars:
Cheibriados
Dithmenos
Elyvilon
Fedhas
Gozag
Hepliaklqana
Kikubaaqudgha
Nemelex Xobeh
Okawaru
Qazlal
Ru
Sif Muna
Trog
Uskayaw
Vehumet
Wu Jian
Yredelemnul
Zin
The Shining One

Shops:
D =}


Message History

The deep troll bites you!! The deep troll claws you! x2
* * * LOW HITPOINT WARNING * * *
You closely miss the deep troll.
The deep troll is heavily wounded.
You barely miss the deep troll.
The deep troll is heavily wounded.
You puncture the deep troll!
The deep troll is almost dead.
The deep troll bites you but does no damage.
The deep troll claws you!
* * * LOW HITPOINT WARNING * * *
The deep troll claws you but does no damage.
You barely miss the deep troll.
The deep troll is severely wounded.
Your chain mail prevents you from hitting the deep troll.
The deep troll is severely wounded.
You closely miss the deep troll.
The deep troll is severely wounded.
The deep troll bites you!
You die...

#..#####'#####'#
#..####..#...#.#
#..#__####..##.#
#..#_____##'#_.+
#⌠⌠#_.∩...'.)._#
####_..__##_.#'#
#_____###'#.#
############.####+###
#∩........'...@T$.$$+
###++++####...#######
##.## #+#


You could see a deep troll.

Vanquished Creatures
  Sigmund (D)
  A yak (D)
  A basilisk (D)
  An ogre (D)
  A jelly (D)
  Ijyb (D)
6 creatures vanquished.

Vanquished Creatures (others)
  A gargoyle (D)
1 creature vanquished.

Grand Total: 7 creatures vanquished

Notes
Turn   | Place    | Note
-------+----------+-------------------------------------------
     0 | D        | mhtbhm the Merfolk Berserker began the quest for the Orb.
     0 | D        | Reached XP level 1. HP: 18/18 MP: 1/1
     1 | D        | Noticed Ijyb
    19 | D        | Killed Ijyb
    20 | D        | Reached skill level 5 in Fighting
    20 | D        | Reached skill level 6 in Polearms
    20 | D        | Reached XP level 2. HP: 27/27 MP: 2/2
    20 | D        | Reached XP level 3. HP: 33/33 MP: 3/3
    53 | D        | Killed a gargoyle
   174 | D        | Noticed an ogre
   178 | D        | Killed an ogre
   179 | D        | Reached skill level 9 in Polearms
   179 | D        | Reached skill level 1 in Unarmed Combat
   179 | D        | Reached XP level 4. HP: 41/41 MP: 4/4
   263 | D        | Noticed Sigmund
   268 | D        | Killed Sigmund
   268 | D        | Reached ** piety under Trog
   269 | D        | Reached skill level 11 in Polearms
   269 | D        | Reached XP level 5. HP: 51/51 MP: 5/5
   269 | D        | Reached XP level 6. HP: 57/57 MP: 6/6
   478 | D        | Found an ornate altar of the Wu Jian Council.
   478 | D        | Found a shimmering blue altar of Sif Muna.
   480 | D        | Found a radiant altar of Vehumet.
   522 | D        | Found Boagoum's Gadget Emporium.
   522 | D        | Found an ancient bone altar of Kikubaaqudgha.
   522 | D        | Found a hazy altar of Hepliaklqana.
   522 | D        | Found a stormy altar of Qazlal.
   522 | D        | Found a hide-covered altar of Uskayaw.
   522 | D        | Found a blossoming altar of Fedhas.
   522 | D        | Found a bloodstained altar of Trog.
   522 | D        | Found an iron altar of Okawaru.
   522 | D        | Found a basalt altar of Yredelemnul.
   522 | D        | Found a glowing golden altar of the Shining One.
   522 | D        | Found a snail-covered altar of Cheibriados.
   522 | D        | Found a sacrificial altar of Ru.
   522 | D        | Found a glowing silver altar of Zin.
   522 | D        | Found a shadowy altar of Dithmenos.
   522 | D        | Found a white marble altar of Elyvilon.
   522 | D        | Noticed a yak
   550 | D        | Killed a yak
   551 | D        | Reached skill level 12 in Polearms
   551 | D        | Reached XP level 7. HP: 26/65 MP: 7/7
   551 | D        | Found an opulent altar of Gozag.
   552 | D        | Found a sparkling altar of Nemelex Xobeh.
   786 | D        | Noticed Sonja
   788 | D        | Noticed Sonja
   788 | D        | Sonja changed into Sonja the basilisk
   801 | D        | Killed Sonja the basilisk
   801 | D        | Reached *** piety under Trog
   802 | D        | Reached skill level 10 in Fighting
   802 | D        | Reached skill level 13 in Polearms
   979 | D        | Found Tuseap's Jewellery Boutique.
   999 | D        | Noticed a deep troll
  1014 | D        | Slain by a deep troll

Illustrated notes

Levels and vault maps discovered:
D:        dungeon_sprint_1 [red_sonja_temple_1, red_sonja_temple_small_1]

Skill      XL: |  1  2  3  4  5  6  7 |
---------------+----------------------+-----
Fighting       | 5 6 8 9 10 | 10.3
Polearms       | 6 9 11 12 13 | 13.5
Armour         | 2 3 4 |  4.6
Dodging        | 3 4 6 7 |  7.3
Unarmed Combat | 1 2 |  2.8
Evocations     | |  0.2

Action                   |  1- 3 |  4- 6 |  7- 9 || total
-------------------------+-------+-------+-------++-------
Melee: Unarmed           |    11 |       |       ||    11
       Spear             |     8 |    36 |    25 ||    69
       Punch             |       |     2 |     1 ||     3
Invok: Berserk           |     2 |     2 |     2 ||     6
Evoke: Wand              |       |       |     2 ||     2
Armor: Skin              |     1 |       |       ||     1
       Chain mail        |     1 |     3 |     8 ||    12
Dodge: Dodged            |     2 |     5 |     5 ||    12

Table legend: (Time is in decaauts)
 A = Elapsed time spent in this place.
 B = Non-inter-level travel time spent in this place.
 C = Inter-level travel time spent in this place.
 D = Time resting spent in this place.
 E = Time spent auto-exploring this place.
 F = Levels seen in this place.
 G = Mean time per level.
                   A        B        C        D        E       F      G
               +--------+--------+--------+--------+--------+-----+--------+
         Total |   1015 |   1015 |      0 |    802 |      1 |   1 | 1015.0 |
       Dungeon |   1015 |   1015 |      0 |    802 |      1 |   1 | 1015.0 |
               +--------+--------+--------+--------+--------+-----+--------+

Top non-repeatable levels by time:
       D: 1015 daAuts
